 Dungeon Crawl Stone Soup version 0.26.1-2-gb8aa6d0 (webtiles) character file.

Game seed: 12471823862151001025

24 AmazingTV the Cudgeller (level 2, -1/24 (27) HPs)
             Began as a Minotaur Berserker on June 4, 2021.
             Was a Follower of Trog.
             Slain by a goblin
             ... wielding a +0 dagger of draining
             ... led by Robin
              (4 damage)
             ... on level 2 of the Dungeon.
             The game lasted 00:03:16 (935 turns).

AmazingTV the Cudgeller (Minotaur Berserker)         Turns: 935, Time: 00:03:17

HP:   -1/24 (27)    AC:  2    Str: 21    XL:     2   Next: 79%
MP:   1/1           EV: 12    Int:  4    God:    Trog [*.....]
Gold: 19            SH:  0    Dex:  9    Spells: 1/1 levels left

rFire    . . .     SeeInvis .   a - +0 mace
rCold    . . .     Faith    .   (no shield)
rNeg     . . .     Spirit   .   b - +0 animal skin
rPois    .         Reflect  .   (helmet restricted)
rElec    .         Harm     .   (no cloak)
rCorr    .         Rampage  .   (no gloves)
Will     .....                  (no boots)
Stlth    +.........             (no amulet)
HPRegen  0.08/turn              (no ring)
MPRegen  0.07/turn              (no ring)

@: berserk cooldown, slowed, heavily drained, very slow
A: retaliatory headbutt, horns 2
a: Renounce Religion, Berserk


You were on level 2 of the Dungeon.
You worshipped Trog.
Trog was aware of your devotion.
You visited 1 branch of the dungeon, and saw 2 of its levels.

You collected 19 gold pieces.

Inventory:

Hand Weapons
 a - a +0 mace (weapon)
Missiles
 g - 53 stones (quivered)
 q - 20 arrows
Armour
 b - a +0 animal skin (worn)
Jewellery
 i - an uncursed amulet of the acrobat {unknown}
 p - a cursed ring of attention {unknown}
Scrolls
 c - a scroll of fear {unknown}
 d - a scroll of enchant weapon {unknown}
 f - a scroll of immolation {unknown}
 k - a scroll of remove curse {unknown}
 m - 2 scrolls of identify {unknown}
 n - a scroll of blinking {unknown}
 o - a scroll of teleportation {unknown}
 s - a scroll of fog {unknown}
Potions
 e - a potion of mutation {unknown}
 h - a potion of berserk rage {unknown}
 j - a potion of brilliance {unknown}
 l - a potion of curing {unknown}
 r - a potion of invisibility {unknown}


   Skills:
 * Level 4.0 Fighting
 * Level 4.5 Maces & Flails
 * Level 2.5 Armour
 + Level 2.2 Dodging


You had one spell level left.
You didn't know any spells.
Your spell library was empty.

Dungeon Overview and Level Annotations

Branches:
Dungeon (2/15)

Altars:

Annotations:
D:2 Robin


Innate Abilities, Weirdness & Mutations

You reflexively headbutt those who attack you in melee.
You have a pair of horns on your head.


Message History

Robin roars a battlecry!
The goblin goes into a battle-frenzy!
You hear a shout!
The goblin hits you with a +0 dagger of draining.
You feel drained. Robin hits you with a +0 short sword.
The goblin hits you with a +0 dagger of draining.
* * * LOW HITPOINT WARNING * * *
You feel drained. Robin hits you but does no damage.
You can move again.
You see here a stone.
You hit Robin but do no damage.
The goblin hits you with a +0 dagger of draining.
* * * LOW HITPOINT WARNING * * *
You feel drained.
* * * LOW HITPOINT WARNING * * *
Robin barely misses you.
You barely miss Robin. You headbutt Robin!
Robin is heavily wounded.
The goblin hits you with a +0 dagger of draining.
You die...

..# #.# #.# #.#
#.# #.# #.# #.#
#.# #(# #.# # #.#
#.# #####.#g####.#
.......@g†.#.#
##########†#.#
#<#..........#
#.#.######.###
#.#.##.....#
#.#.##.#####
###.#.#[.....#
#.###...#.######.#
#..............#.#


You could see Robin and a goblin (strong).

Vanquished Creatures
  An ooze (D:1)
  A leopard gecko (D:1)
  4 goblins
  5 hobgoblins
  2 bats (D:1)
  3 frilled lizards
  2 kobolds (D:1)
18 creatures vanquished.

Notes
Turn   | Place    | Note
-------+----------+-------------------------------------------
     0 | D:1      | AmazingTV the Minotaur Berserker began the quest for the
                  | Orb.
     0 | D:1      | Reached XP level 1. HP: 19/19 MP: 0/0
   383 | D:1      | Reached XP level 2. HP: 21/27 MP: 1/1
   914 | D:2      | Noticed Robin
   935 | D:2      | Slain by a goblin

Illustrated notes

Levels and vault maps discovered:
D:1:      tarquinn_simple_flora_water_a, layout_loops_ring
D:2:      layout_basic, general_overflow_altar, nicolae_ru_path_of_blood,
          uniq_sigmund, uniq_robin

Skill      XL: |  1  2 |
---------------+-------+-----
Maces & Flails | 4 |  4.5
Fighting       | 4 |  4.0
Armour         | |  2.5
Dodging        | |  2.2

Action                   || total
-------------------------++-------
Melee: Mace              ||    30
       Headbutt          ||     3
Throw: Stone             ||    27
Invok: Berserk           ||     1
Armor: Animal skin       ||     6
Dodge: Dodged            ||    16
